AoeStats
← lordmorto

Nomad

509384350Analyzed
2v2 RM · 4d ago on Sep 26, 2026· 33m 24s· 4 players
Game mode
Random Map
Map size
176×176
Population
200
Speed
Normal
Resources
Standard
Victory
Conquest
Starting age
Dark Age
Ending age
Imperial Age
RankedLock teamsTeams togetherTeam positionsShared explorationLock speedFull tech treeHidden civsTurbo modeCheats
Victory
Defeat
🇵🇹 Italians · Portugal
1054
+16
🇨🇭 Spanish · Switzerland
1054
+16
🇸🇪 Franks · Sweden
1077
-17
🇸🇪 Lithuanians · Sweden
1040
-15
bvq
13:57 Feudal Age
12:35 Loom
15:33 Feudal Age
17:09 Double-Bit Axe
20:12 Castle Age
18:27 Fletching
19:26 Padded Archer Armor
20:23 Wheelbarrow
19:37 Town Watch
20:28 Wheelbarrow
20:44 Crossbowman
24:15 Bow Saw
25:22 Bodkin Arrow
lordmorto
6:46 Loom
15:30 Feudal Age
17:27 Wheelbarrow
19:48 Castle Age
21:10 Hand Cart
20:46 Double-Bit Axe
21:42 Bow Saw
25:19 Town Watch
27:29 Scale Barding Armor
27:15 Fletching
27:36 Forging
27:30 Town Patrol
28:26 Bloodlines
28:16 Husbandry
31:56 Chain Barding Armor
Papa Emeritus
9:14 Loom
19:37 Feudal Age
23:04 Castle Age
Baba Ganoush
4:24 Loom
13:59 Feudal Age
23:02 Castle Age
21:31 Town Watch
22:04 Fletching
26:25 Scale Barding Armor
28:45 Wheelbarrow
29:46 Forging
Connection lost

Rejoining the realm…

Still unreachable

The connection could not be restored.

Session expired

The server has moved on; the page needs a fresh start.